 Dungeon Crawl Stone Soup version 0.16.0-12-g7215832 (webtiles) character file.

40332 Zugr the Severer (level 14, -1/94 HPs)
             Began as a Gargoyle Berserker on Mar 18, 2015.
             Was a High Priest of Trog.
             Slain by a ten-headed hydra (6 damage)
             ... on level 6 of the Lair of Beasts.
             The game lasted 01:54:40 (20432 turns).

Zugr the Severer (Gargoyle Berserker)              Turns: 20432, Time: 01:54:41

Health: -1/94      AC: 33    Str: 26    XL:     14   Next: 10%
Magic:  4/4        EV:  9    Int:  5    God:    Trog [*****.]
Gold:   1322       SH:  0    Dex: 13    Spells: 0 memorised, 13 levels left

rFire  + . .     SeeInvis .     K - +4 executioner's axe (antimagic)
rCold  + . .     Clarity  .     A - +6 chain mail "Juagh" {+Blink Str+4}
rNeg   + + .     SustAb   .     (no shield)
rPois  ∞         Gourm    .     v - +2 hat
rElec  +         Spirit   .     Z - +0 cloak
rCorr  .         Warding  .     T - +0 pair of gloves of Twuchon {rF+ rC+ Int-3}
rMut   .         Stasis   +     (no boots)
MR     ++++.                    d - amulet of stasis
Stlth  ..........               s - ring of protection from magic
                                S - ring of positive energy

@: regenerating, incredibly resistant to hostile enchantments, extremely
unstealthy
A: able to fly continuously, big wings, negative energy resistance 1,
electricity resistance, unbreathing, petrification resistance, rot immunity, AC
+9
a: Fly, Burn Spellbooks, Berserk, Trog's Hand, Brothers in Arms, Renounce
Religion, Evoke Blink


You were on level 6 of the Lair of Beasts.
You worshipped Trog.
Trog was extremely pleased with you.
You were not hungry.

You visited 3 branches of the dungeon, and saw 20 of its levels.
You also visited: Sewer, Ice Cave and Volcano.

You collected 1322 gold pieces.

Inventory:

Hand weapons
 e - a +1 battleaxe of electrocution
 g - a +1 broad axe of flaming
 K - a +4 antimagic executioner's axe (weapon)
Missiles
 J - 5 javelins (quivered)
 Y - 3 steel tomahawks
Armour
 v - a +2 hat (worn)
 A - the +6 chain mail "Juagh" (worn) {+Blink Str+4}
   (You found it on level 6 of the Lair of Beasts)

   It affects your strength (+4).
   It lets you blink.
 T - the +0 pair of gloves of Twuchon (worn) {rF+ rC+ Int-3}
   (You found it on level 3 of the Lair of Beasts)

   It affects your intelligence (-3).
   It protects you from fire.
   It protects you from cold.
 Z - a +0 cloak (worn)
Jewellery
 d - an amulet of stasis (around neck)
 s - a ring of protection from magic (right hand)
 F - an uncursed ring of positive energy
 L - a +3 ring of protection
 S - a ring of positive energy (left hand)
 W - an uncursed ring of sustain abilities
Scrolls
 a - 7 scrolls of recharging {unknown}
 f - 9 scrolls of teleportation
 h - 5 scrolls of fog {unknown}
 i - 2 scrolls of enchant weapon {unknown}
 k - 4 scrolls of blinking {unknown}
 x - 2 scrolls of noise {unknown}
 y - 3 scrolls of magic mapping {unknown}
 z - a scroll of fear {unknown}
 C - 4 scrolls of random uselessness {unknown}
 E - 2 scrolls of amnesia {unknown}
 G - 5 scrolls of remove curse
 O - 5 scrolls of immolation {unknown}
 R - a scroll of identify
 U - a scroll of acquirement {unknown}
 V - a scroll of enchant armour {unknown}
Potions
 j - 9 potions of brilliance
 l - a potion of ambrosia
 n - a potion of agility
 o - 5 potions of heal wounds
 p - 3 potions of resistance
 q - 2 potions of cure mutation
 r - 5 potions of restore abilities
 t - 2 potions of cancellation
 u - 10 potions of curing
 w - 4 potions of berserk rage
 B - 2 potions of haste
 H - a potion of might
 I - a potion of magic
Comestibles
 c - 4 bread rations
 m - 11 meat rations
 D - 3 fruits
 N - 7 royal jellies
 Q - a slice of pizza


   Skills:
 + Level 13.3 Fighting
 * Level 15.1 Axes
 + Level 13.1 Armour
 - Level 1.5 Dodging
   Level 1.2 Shields


You had 13 spell levels left.
You didn't know any spells.

Dungeon Overview and Level Annotations

Branches:
Dungeon (13/15)            Temple (1/1) D:7            Lair (6/8) D:11
 Shoals (0/5) Lair:6          Orc (0/4) D:12
  Snake: Lair:3-6    Spider: Lair:3-6     Slime: Lair:6-8    Vaults: D:13-14

Altars:
Ashenzari
Cheibriados
Dithmenos
Elyvilon
Fedhas
Gozag
Kikubaaqudgha
Makhleb
Nemelex Xobeh
Okawaru
Qazlal
Ru
Sif Muna
Trog
Vehumet
Xom
Yredelemnul
Zin
The Shining One
Beogh

Portals:
Trove: D:10 (give +4 demon whip)

Annotations:
D:6 Blork the orc
Lair:3 exclusion: 2 oklob plants
Lair:4 exclusion: ice statue


Innate Abilities, Weirdness & Mutations

You are resistant to torment.
You are immune to poison.
You can fly continuously.
Your stone body is very resilient (AC +9).
Your wings are large and strong.
You resist negative energy.
You are resistant to electric shocks.
You can survive without breathing.
You are immune to petrification.
You are immune to rotting.


Message History

* * * LOW HITPOINT WARNING * * *
The ten-headed hydra barely misses you. The ten-headed hydra bites you!
* * * LOW HITPOINT WARNING * * *
The ten-headed hydra misses you.
The ten-headed hydra bites you but does no damage. x2
The ten-headed hydra bites you!
* * * LOW HITPOINT WARNING * * *
The ten-headed hydra completely misses you.
The spiny frog stings you but does no damage.
You barely miss the ten-headed hydra.
The ten-headed hydra is almost dead.
You slash the hippogriff!!
The hippogriff is almost dead.
You hit the spiny frog but do no damage.
The ten-headed hydra bites you but does no damage. x6
The ten-headed hydra bites you!
* * * LOW HITPOINT WARNING * * *
The ten-headed hydra barely misses you. x2
The ten-headed hydra bites you.
You die...

.......P............<...#
.......PP................##
...........................#
.........................P##
.........................##
..........................###
............................#####
...............D..............#..
...............F@.........#.....#
...............H.........#.#...##
..................#....#.#######
..............#P...#....##
............P######.#####
......>.....## ### .....P#.#.#.#
############


You could see a ten-headed hydra, a hippogriff and a spiny frog.

Vanquished Creatures
  An ice dragon (Lair:4)
  7 hydras
  A fire crab (D:9)
  Erolcha (D:10)
  A skeletal warrior (D:9)
  An unseen horror (D:12)
  Pikel (D:6)
  6 hill giants
  2 ugly things
  A griffon (Lair:6)
  4 centaur zombies
  4 spiny frogs
  3 gargoyles
  An efreet (Volcano)
  3 komodo dragons
  2 fire drakes
  5 blue devils (IceCv)
  A polar bear (Lair:2)
  2 two-headed ogres
  A harpy skeleton (D:9)
  5 deep elf magi
  A spriggan (Lair:2)
  A basilisk (D:12)
  16 blink frogs
  12 yaks
  Eustachio (D:12)
  2 fire elementals (Volcano)
  3 fire bats (Volcano)
  A steam dragon (D:8)
  2 wraiths
  15 wolves
  7 hippogriffs
  8 water moccasins
  9 porcupines
  8 orc warriors
  2 phantoms
  2 sky beasts
  2 spiders (D:9)
  Purgy (Sewer)
  9 ice beasts
  2 black bears
  A slave (D:6)
  5 necrophages
  2 eyes of draining
  5 ogres
  7 crocodiles
  16 centaurs
  3 boring beetles
  Sigmund (D:6)
  3 big kobolds
  14 giant frogs
  An earth elemental (Volcano)
  A water moccasin zombie (D:9)
  3 gnoll sergeants
  2 scorpions
  5 wights (D:9)
  13 killer bees
  3 crimson imps
  4 giant frog zombies
  A goliath beetle (D:10)
  5 lava snakes (Volcano)
  5 giant frog skeletons
  4 orc priests
  11 hounds
  9 iguanas
  7 jellies
  7 orc wizards
  5 worker ants
  16 sheep
  A killer bee zombie (D:9)
  Ijyb (D:2)
  A hound zombie (D:11)
  2 hound skeletons
  Robin (D:3)
  16 adders
  29 river rats
  2 shadow imps
  18 gnolls
  4 giant mites
  4 worms
  An adder skeleton (D:7)
  An adder zombie (D:7)
  2 orc zombies (D:5)
  3 giant geckos (D:6)
  An ooze (D:6)
  47 orcs
  5 ball pythons
  12 bats
  A bat skeleton (D:7)
  14 giant cockroaches
  13 hobgoblins
  4 jackals
  12 quokkas
  A ball python zombie (D:5)
  10 giant newts
  3 giant spores
  19 goblins
  A jackal skeleton (D:4)
  A jackal zombie (D:7)
  24 kobolds
  A quokka skeleton (D:5)
  A quokka zombie (D:7)
  13 rats
  15 ballistomycetes
  2 fungi
  9 plants (Lair:5)
611 creatures vanquished.

Vanquished Creatures (collateral kills)
  A wasp (D:9)
1 creature vanquished.

Vanquished Creatures (others)
  A two-headed ogre (Lair:6)
  3 ogres (D:9)
  An orc (D:9)
  3 fungi
8 creatures vanquished.

Grand Total: 620 creatures vanquished

Notes
Turn   | Place    | Note
--------------------------------------------------------------
     0 | D:1      | Zugr, the Gargoyle Berserker, began the quest for the Orb.
     0 | D:1      | Reached XP level 1. HP: 14/14 MP: 1/1
   237 | D:1      | You fall through a shaft!
   265 | D:2      | Reached XP level 2. HP: 19/19 MP: 2/2
   293 | D:2      | Noticed Ijyb
   303 | D:2      | Killed Ijyb
   303 | D:2      | Reached XP level 3. HP: 24/24 MP: 3/3
   390 | D:1      | Acquired Trog's second power
  1164 | D:2      | Reached XP level 4. HP: 29/29 MP: 4/4
  1525 | D:3      | Reached skill level 4 in Axes
  1740 | D:3      | Reached XP level 5. HP: 33/33 MP: 5/5
  1803 | D:3      | Noticed Robin
  1823 | D:3      | Killed Robin
  1952 | D:3      | Reached skill level 5 in Axes
  2270 | D:4      | Reached XP level 6. HP: 33/38 MP: 6/6
  2354 | D:4      | Noticed an ogre
  2366 | D:4      | Killed an ogre
  2389 | D:4      | Noticed an ogre
  2394 | D:4      | Killed an ogre
  2394 | D:4      | Reached XP level 7. HP: 42/44 MP: 7/7
  2413 | D:4      | Noticed a phantom
  2435 | D:4      | Killed a phantom
  2599 | D:4      | Found a radiant altar of Vehumet.
  2725 | D:4      | Reached skill level 5 in Fighting
  2879 | D:5      | Entered Level 5 of the Dungeon
  2896 | D:5      | Reached skill level 6 in Axes
  2906 | D:5      | Acquired Trog's third power
  3029 | D:5      | Reached skill level 5 in Armour
  3248 | D:5      | Reached XP level 8. HP: 50/50 MP: 8/8
  3814 | D:6      | Noticed Sigmund
  3819 | D:6      | Killed Sigmund
  3879 | D:6      | Reached skill level 7 in Axes
  3943 | D:6      | Found a sparkling altar of Nemelex Xobeh.
  3963 | D:6      | Noticed Pikel
  3988 | D:6      | Killed Pikel
  3988 | D:6      | Reached XP level 9. HP: 57/57 MP: 9/9
  4087 | D:6      | Noticed Blork the orc
  4116 | D:6      | Found a blossoming altar of Fedhas.
  4181 | D:6      | Found a burning altar of Makhleb.
  4310 | D:6      | Found a glowing drain.
  4344 | Sewer    | Entered a sewer
  4366 | Sewer    | Noticed Purgy
  4380 | Sewer    | Killed Purgy
  4380 | Sewer    | Reached skill level 8 in Axes
  4591 | D:6      | Found a deep blue altar of Sif Muna.
  5345 | D:7      | Found a staircase to the Ecumenical Temple.
  5356 | Temple   | Entered the Ecumenical Temple
  5779 | D:7      | Found a white marble altar of Elyvilon.
  5780 | D:7      | Found an ancient bone altar of Kikubaaqudgha.
  6025 | D:8      | Got a dazzling ring mail
  6046 | D:8      | Identified the cursed -1 ring mail "Stip" {-Tele rElec MR+ MP+9 SInv} (You found it on level 8 of the Dungeon)
  6397 | D:8      | Reached skill level 9 in Axes
  6622 | D:8      | Found an iron altar of Okawaru.
  6806 | D:8      | Reached XP level 10. HP: 43/65 MP: 10/10
  7208 | D:9      | Found a blossoming altar of Fedhas.
  7307 | D:9      | HP: 3/65 [wasp (4)]
  7613 | D:9      | Noticed a brown ugly thing
  7622 | D:9      | Killed a brown ugly thing
  7622 | D:9      | Reached skill level 10 in Axes
  8455 | D:9      | Noticed a skeletal warrior
  8483 | D:9      | Killed a skeletal warrior
  8546 | D:9      | Noticed a hill giant
  8561 | D:9      | Killed a hill giant
  8561 | D:9      | Reached XP level 11. HP: 61/72 MP: 8/11
  8736 | D:9      | Reached skill level 11 in Axes
  8914 | D:9      | Noticed a fire crab
  8959 | D:9      | Killed a fire crab
  8959 | D:9      | Reached skill level 10 in Fighting
  9283 | D:9      | Noticed a hill giant
  9300 | D:9      | Killed a hill giant
  9738 | D:10     | Entered Level 10 of the Dungeon
  9757 | D:10     | Noticed Eustachio
  9828 | D:10     | Noticed a hill giant
  9845 | D:10     | Killed a hill giant
 10196 | D:10     | Noticed Erolcha
 10202 | D:10     | Killed Erolcha
 10202 | D:10     | Reached skill level 10 in Armour
 10480 | D:10     | Found a portal to a secret trove of treasure.
 10815 | D:10     | Received a gift from Trog
 11048 | D:11     | Found a radiant altar of Vehumet.
 11230 | D:11     | Found a roughly hewn altar of Beogh.
 11234 | D:11     | Reached skill level 12 in Axes
 11368 | D:11     | Found a staircase to the Lair.
 11584 | D:11     | Noticed a hill giant
 11588 | D:11     | Killed a hill giant
 11588 | D:11     | Reached XP level 12. HP: 78/80 MP: 12/12
 11914 | D:12     | Killed Eustachio
 11921 | D:12     | Found a frozen archway.
 11938 | IceCv    | Entered an ice cave
 12198 | D:12     | You fall through a shaft!
 12211 | D:12     | Received a gift from Trog
 12329 | D:12     | Noticed a seven-headed hydra
 12332 | D:12     | Noticed a seven-headed hydra
 12337 | D:12     | Killed a nine-headed hydra
 12340 | D:12     | Killed a ten-headed hydra
 12340 | D:12     | Reached skill level 13 in Axes
 12405 | D:12     | Found a staircase to the Orcish Mines.
 12541 | D:12     | Noticed an eight-headed hydra
 12546 | D:12     | Killed a 11-headed hydra
 13175 | D:12     | Received a gift from Trog
 13554 | Lair:1   | Entered Level 1 of the Lair of Beasts
 13554 | Lair:1   | Found a dark tunnel.
 13587 | Volcano  | Entered a volcano
 13899 | Volcano  | Reached XP level 13. HP: 55/86 MP: 13/13
 14113 | Volcano  | Found a radiant altar of Vehumet.
 14131 | Volcano  | Found a radiant altar of Vehumet.
 14238 | Lair:1   | Noticed a five-headed hydra
 14246 | Lair:1   | Killed a one-headed hydra
 14246 | Lair:1   | Reached skill level 1 in Shields
 14651 | Lair:1   | Noticed a four-headed hydra
 14657 | Lair:1   | Killed a two-headed hydra
 15403 | Lair:2   | Reached skill level 14 in Axes
 16887 | Lair:3   | Received a gift from Trog
 17337 | Lair:3   | Received a gift from Trog
 17463 | Lair:3   | Got a pair of scorched gloves
 17469 | Lair:3   | Identified the +0 pair of gloves of Twuchon {rF+ rC+ Int-3} (You found it on level 3 of the Lair of Beasts)
 19010 | Lair:5   | Received a gift from Trog
 19148 | Lair:5   | Found an opulent altar of Gozag.
 19251 | Lair:5   | Gained mutation: Your wings are large and strong. [gargoyle growth]
 19251 | Lair:5   | Reached XP level 14. HP: 69/94 MP: 7/14
 19712 | Lair:5   | Reached skill level 15 in Axes
 20034 | Lair:6   | Found a staircase to the Shoals.
 20247 | Lair:6   | Got a jewelled chain mail
 20261 | Lair:6   | Identified the +6 chain mail "Juagh" {+Blink Str+4} (You found it on level 6 of the Lair of Beasts)
 20432 | Lair:6   | Slain by a ten-headed hydra

Action                   |  1- 3 |  4- 6 |  7- 9 | 10-12 | 13-15 || total
-------------------------+-------+-------+-------+-------+-------++-------
Melee: Hand axe          |    90 |   123 |   392 |   305 |       ||   910
       Battleaxe         |       |       |       |   254 |   281 ||   535
       Broad axe         |       |       |       |    52 |    23 ||    75
       Executioner's axe |       |       |       |       |    90 ||    90
Throw: Javelin           |       |    18 |    48 |    23 |       ||    89
Invok: Berserk           |     1 |     2 |     3 |     9 |       ||    15
       Trog's Hand       |       |     2 |     1 |     3 |     1 ||     7
       Brothers in Arms  |       |       |       |     3 |     1 ||     4
       Burn Spellbooks   |       |       |       |       |     2 ||     2
  Use: Scroll            |       |     4 |       |     8 |     7 ||    19
       Potion            |       |       |       |     2 |     2 ||     4
  Eat: Chunk             |     1 |     7 |    10 |    13 |     2 ||    33
       Fruit             |       |       |     2 |     6 |       ||     8
       Bread ration      |       |       |     1 |     3 |     1 ||     5
       Beef jerky        |       |       |     1 |     2 |     2 ||     5
       Royal jelly       |       |       |       |       |     2 ||     2
       Meat ration       |       |       |       |       |     1 ||     1
       Pizza             |       |       |       |       |     1 ||     1
